Match 27101415
Unlisted

Match 27101415
End
Construct Barracks
Selects Advanced Infantry Battlegroup
Riflemen Squad
Riflemen Squad
Construct Weapon Support Center
Bazooka Squad
Sniper
Selects Convert to Ranger Squad
Construct Medical Station
Selects Convert to Ranger Squad
Improved M9 Bazooka Rockets
Mechanized Support Center
Selects Frontline Medical Station
Selects Frontline Medical Station
Frontline Medical Station
Bazooka Squad
Designate Forward Repair Station
Rapid Repairs
M16 Multiple Gun Motor Carriage
M1918 Browning Automatic Rifles
Grenade Package
Engineer Squad
Selects Ranger Weapon Training
Construct Tank Depot
M4A1 Sherman Medium Tank
Improvised Armor
M4A1 76mm Conversion
Selects Artillery Observers
Selects M2A1 105mm Howitzer Emplacement
Selects 155mm Rapid Artillery Barrage
M4A1(76) Sherman Medium Tank
Selects Artillery Observers
Selects M2A1 105mm Howitzer Emplacement
Selects Ammunition Storage
Selects M2A1 105mm Howitzer Emplacement
Selects 155mm Rapid Artillery Barrage
155mm Rapid Artillery Barrage
Ranger Squad
155mm Rapid Artillery Barrage
155mm Rapid Artillery Barrage
M4A1(76) Sherman Medium Tank
M4A1(76) Sherman Medium Tank
155mm Rapid Artillery Barrage
M18 Hellcat Tank Destroyer
155mm Rapid Artillery Barrage
Frontline Medical Station
M4A1(76) Sherman Medium Tank
Rearm and Retrofit
Sniper
jackal2150
Icefire
....
LX357
Yellow staIrs
暮色下的小橘猫
Hevsik
Benson
0
0

Comments sign in to comment!

No comments posted yet!